[ AOE2 MATCH · #505653515 ]
UnrankedLithuanians vs Aztecs
Player's team · LOSS
Rival team · WIN
[ REPLAY ANALYSIS · EXTRACTED FROM THE RECORDED GAME ]
Feudal
8:50
Castle
—
Imperial
—
| APM avg | 68.6 |
| APM peak | 105 |
| eAPM avg | 37.2 |
| Villagers / military | 42 / 14 |
Focus
⚔️ 62.3% · 🌾 37.7%
Skirmisher ×13 · Spearman ×1
Feudal
8:51
Castle
21:49
Imperial
—
| APM avg | 76.9 |
| APM peak | 110 |
| eAPM avg | 26.9 |
| Villagers / military | 51 / 41 |
Focus
⚔️ 45.4% · 🌾 54.6%
Archer ×28 · Eagle Scout ×7 · Militia ×6
Match map
Initial resources + every placement click. Lines = walls · curves = elevation contours. ◆ gold · ⬟ stone · ● berries · ✦ relic · ◌ wall gap
Your base· Open — 4t gap
Pirate's base· Open — 3t gap
Smoothed initial terrain · ◌ = detected wall gap · hover for details
Inputs per minute
— AceRx - - Pirate
Build order — AceRx
137 actions detected in the replay
| 0:00 | Create | Villager (Male) |
| 0:01 | Create | Villager (Male) |
| 0:02 | Build | House |
| 0:03 | Build | House |
| 0:05 | Create | Villager (Male) |
| 0:11 | Create | Villager (Male) |
| 0:17 | Create | Villager (Male) |
| 0:23 | Create | Villager (Male) |
| 0:23 | Create | Villager (Male) |
| 1:24 | Create | Villager (Male) |
| 1:49 | Create | Villager (Male) |
| 2:23 | Create | Villager (Male) |
| 2:23 | Create | Villager (Male) |
| 2:25 | Build | Lumber Camp |
| 2:47 | Create | Villager (Male) |
| 3:19 | Create | Villager (Male) |
| 3:52 | Create | Villager (Male) |
| 3:54 | Build | House |
| 3:55 | Build | House |
| 4:10 | Create | Villager (Male) |
| 4:37 | Create | Villager (Male) |
| 4:52 | Build | Mill |
| 5:14 | Create | Villager (Male) |
| 6:00 | Research | Loom |
| 6:22 | Research | Feudal Age |
| 6:22 | Research | Feudal Age |
| 6:41 | Build | Lumber Camp |
| 7:53 | Build | Barracks |
| 8:36 | Create | Villager (Male) |
| 8:50 | Age | Feudal Age |
| 8:52 | Build | Archery Range |
| 8:55 | Research | Double-Bit Axe |
| 9:06 | Build | Palisade Wall |
| 9:07 | Build | Palisade Wall |
| 9:10 | Build | Palisade Wall |
| 9:12 | Build | Palisade Wall |
| 9:15 | Build | House |
| 9:18 | Build | Palisade Wall |
| 9:22 | Build | Palisade Wall |
| 9:30 | Create | Villager (Male) |
| 9:37 | Build | Palisade Wall |
| 9:43 | Build | Palisade Wall |
| 9:44 | Build | Palisade Wall |
| 9:46 | Build | Palisade Wall |
| 9:54 | Build | Palisade Gate |
| 10:00 | Create | Skirmisher |
| 10:10 | Create | Villager (Male) |
| 10:23 | Create | Villager (Male) |
| 10:30 | Research | Horse Collar |
| 10:41 | Build | House |
| 10:51 | Create | Skirmisher |
| 10:57 | Build | Palisade Wall |
| 11:03 | Create | Villager (Male) |
| 11:08 | Build | Farm |
| 11:10 | Build | Farm |
| 11:15 | Build | Farm |
| 11:16 | Create | Skirmisher |
| 11:21 | Build | House |
| 11:25 | Build | House |
| 11:28 | Build | House |
| 11:38 | Build | House |
| 11:39 | Create | Spearman |
| 11:40 | Create | Skirmisher |
| 11:42 | Create | Villager (Male) |
| 11:58 | Create | Villager (Male) |
| 12:06 | Build | House |
| 12:08 | Build | Palisade Wall |
| 12:09 | Build | Palisade Wall |
| 12:13 | Build | Farm |
| 12:14 | Build | Farm |
| 12:20 | Build | House |
| 12:21 | Build | Palisade Wall |
| 12:31 | Build | House |
| 12:32 | Build | Palisade Wall |
| 12:35 | Create | Villager (Male) |
| 12:38 | Build | Farm |
| 12:55 | Create | Villager (Male) |
| 13:20 | Create | Villager (Male) |
| 13:46 | Build | Farm |
| 13:48 | Build | Farm |
| 13:49 | Build | Farm |
| 13:51 | Build | Farm |
| 13:56 | Build | Farm |
| 13:56 | Create | Villager (Male) |
| 13:59 | Build | Farm |
| 14:11 | Build | Mining Camp |
| 14:17 | Create | Villager (Male) |
| 14:32 | Create | Skirmisher |
| 14:38 | Build | House |
| 14:41 | Build | House |
| 14:45 | Build | House |
| 14:46 | Create | Villager (Male) |
| 14:50 | Build | House |
| 14:54 | Build | House |
| 14:57 | Create | Villager (Male) |
| 15:23 | Create | Skirmisher |
| 15:34 | Build | Blacksmith |
| 15:37 | Create | Skirmisher |
| 15:59 | Build | Palisade Wall |
| 16:09 | Create | Villager (Male) |
| 16:14 | Create | Villager (Male) |
| 16:16 | Research | Fletching |
| 16:24 | Build | House |
| 16:34 | Create | Villager (Male) |
| 16:40 | Create | Skirmisher |
| 16:49 | Create | Villager (Male) |
| 17:02 | Create | Villager (Male) |
| 17:06 | Create | Skirmisher |
| 17:11 | Build | House |
| 17:13 | Build | Palisade Wall |
| 17:15 | Create | Villager (Male) |
| 17:28 | Create | Villager (Male) |
| 17:33 | Create | Skirmisher |
| 17:47 | Research | Wheelbarrow |
| 18:09 | Create | Villager (Male) |
| 18:35 | Create | Skirmisher |
| 19:06 | Create | Villager (Male) |
| 19:27 | Create | Villager (Male) |
| 19:33 | Build | Market |
| 19:39 | Build | House |
| 19:40 | Build | House |
| 19:42 | Create | Skirmisher |
| 20:04 | Create | Villager (Male) |
| 20:25 | Research | Castle Age |
| 20:25 | Research | Castle Age |
| 20:40 | Build | Stable |
| 20:44 | Build | Stable |
| 20:54 | Research | Scale Barding Armor |
| 20:54 | Research | Scale Barding Armor |
| 20:59 | Build | House |
| 21:27 | Build | Stable |
| 21:49 | Research | Forging |
| 22:12 | Research | Bloodlines |
| 22:12 | Research | Bloodlines |
| 22:23 | Build | Farm |
| 22:23 | Build | Farm |
| 22:41 | Create | Skirmisher |
Build order — Pirate
First 150 of 153 actions detected
| 0:00 | Create | Villager (Male) |
| 0:01 | Build | House |
| 0:02 | Create | Villager (Male) |
| 0:03 | Build | House |
| 0:05 | Create | Villager (Male) |
| 0:12 | Create | Villager (Male) |
| 1:22 | Create | Villager (Male) |
| 1:45 | Build | Lumber Camp |
| 1:50 | Create | Villager (Male) |
| 2:28 | Create | Villager (Male) |
| 2:29 | Create | Villager (Male) |
| 2:32 | Create | Villager (Male) |
| 2:33 | Create | Villager (Male) |
| 3:03 | Create | Villager (Male) |
| 3:03 | Create | Villager (Male) |
| 3:26 | Build | House |
| 3:44 | Create | Villager (Male) |
| 3:44 | Create | Villager (Male) |
| 3:50 | Build | House |
| 4:00 | Create | Villager (Male) |
| 4:00 | Create | Villager (Male) |
| 4:23 | Create | Villager (Male) |
| 4:24 | Create | Villager (Male) |
| 4:47 | Create | Villager (Male) |
| 5:16 | Create | Villager (Male) |
| 5:32 | Build | Barracks |
| 5:49 | Create | Villager (Male) |
| 5:51 | Research | Loom |
| 6:41 | Research | Feudal Age |
| 6:53 | Build | Mining Camp |
| 6:56 | Create | Militia |
| 6:56 | Create | Militia |
| 7:15 | Create | Militia |
| 7:16 | Create | Militia |
| 7:30 | Create | Militia |
| 7:30 | Create | Militia |
| 7:39 | Build | House |
| 8:04 | Create | Villager (Male) |
| 8:08 | Build | House |
| 8:51 | Age | Feudal Age |
| 8:52 | Build | Archery Range |
| 8:53 | Research | Man-at-Arms (upgrade) |
| 9:29 | Create | Villager (Male) |
| 9:30 | Create | Villager (Male) |
| 9:32 | Create | Archer |
| 9:32 | Create | Archer |
| 9:33 | Create | Archer |
| 9:38 | Create | Villager (Male) |
| 9:40 | Build | House |
| 10:22 | Create | Archer |
| 10:26 | Create | Villager (Male) |
| 10:30 | Create | Villager (Male) |
| 10:42 | Build | Palisade Wall |
| 10:59 | Build | House |
| 11:15 | Create | Villager (Male) |
| 11:29 | Build | Mill |
| 11:51 | Create | Villager (Male) |
| 12:04 | Create | Archer |
| 12:09 | Create | Archer |
| 12:10 | Create | Villager (Male) |
| 12:22 | Create | Eagle Scout |
| 12:29 | Create | Villager (Male) |
| 12:32 | Build | Blacksmith |
| 12:33 | Build | House |
| 12:35 | Build | Palisade Wall |
| 12:36 | Create | Villager (Male) |
| 12:47 | Create | Archer |
| 12:49 | Create | Villager (Male) |
| 13:01 | Build | House |
| 13:03 | Build | Palisade Wall |
| 13:15 | Create | Eagle Scout |
| 13:19 | Create | Villager (Male) |
| 13:26 | Research | Double-Bit Axe |
| 13:31 | Research | Fletching |
| 13:40 | Build | Farm |
| 13:40 | Build | Farm |
| 13:41 | Build | Farm |
| 13:58 | Build | Farm |
| 14:00 | Build | Farm |
| 14:01 | Create | Villager (Male) |
| 14:15 | Create | Archer |
| 14:28 | Create | Archer |
| 14:41 | Create | Eagle Scout |
| 14:42 | Create | Villager (Male) |
| 14:46 | Build | Farm |
| 14:46 | Build | Farm |
| 15:12 | Create | Archer |
| 15:14 | Create | Villager (Male) |
| 15:24 | Research | Scale Mail Armor |
| 15:26 | Build | Farm |
| 15:27 | Build | Farm |
| 15:29 | Build | Farm |
| 15:30 | Build | Farm |
| 15:33 | Create | Villager (Male) |
| 15:34 | Create | Villager (Male) |
| 15:56 | Create | Eagle Scout |
| 15:57 | Create | Archer |
| 15:58 | Create | Villager (Male) |
| 16:02 | Build | Farm |
| 16:05 | Build | House |
| 16:06 | Build | Palisade Wall |
| 16:31 | Create | Archer |
| 16:32 | Create | Villager (Male) |
| 16:56 | Create | Villager (Male) |
| 16:57 | Create | Eagle Scout |
| 17:07 | Create | Eagle Scout |
| 17:09 | Create | Villager (Male) |
| 17:46 | Create | Archer |
| 17:46 | Create | Eagle Scout |
| 17:48 | Create | Villager (Male) |
| 17:48 | Create | Villager (Male) |
| 17:51 | Build | Farm |
| 17:51 | Build | Farm |
| 17:52 | Build | Farm |
| 17:52 | Build | Farm |
| 17:52 | Build | Farm |
| 17:52 | Build | Farm |
| 18:17 | Create | Villager (Male) |
| 19:09 | Research | Castle Age |
| 19:24 | Build | Archery Range |
| 19:31 | Create | Archer |
| 19:32 | Create | Archer |
| 20:06 | Create | Archer |
| 20:06 | Create | Archer |
| 20:17 | Research | Gold Mining |
| 20:18 | Research | Horse Collar |
| 20:19 | Research | Double-Bit Axe |
| 20:34 | Build | Lumber Camp |
| 20:37 | Create | Archer |
| 20:38 | Create | Archer |
| 20:42 | Create | Villager (Male) |
| 20:58 | Create | Villager (Male) |
| 21:05 | Create | Archer |
| 21:06 | Create | Archer |
| 21:42 | Create | Archer |
| 21:43 | Create | Archer |
| 21:49 | Age | Castle Age |
| 21:51 | Research | Bodkin Arrow |
| 21:54 | Research | Crossbowman (upgrade) |
| 21:55 | Create | Archer |
| 22:06 | Create | Villager (Male) |
| 22:07 | Build | Farm |
| 22:09 | Build | Monastery |
| 22:15 | Create | Archer |
| 22:15 | Create | Archer |
| 22:33 | Create | Archer |
| 22:33 | Create | Archer |
| 22:34 | Create | Villager (Male) |
| 22:36 | Build | Farm |
| 22:37 | Build | Farm |
Match timeline
| 5:32 | Pirate · first_building Barracks |
| 7:53 | AceRx · first_building Barracks |
| 8:50 | AceRx · age_up feudal |
| 8:51 | Pirate · age_up feudal |
| 8:52 | AceRx · first_building Archery Range |
| 8:52 | Pirate · first_building Archery Range |
| 9:06 | AceRx · wall_segment Palisade Wall x1 |
| 9:07 | AceRx · wall_segment Palisade Wall x1 |
| 9:10 | AceRx · wall_segment Palisade Wall x1 |
| 9:12 | AceRx · wall_segment Palisade Wall x1 |
| 9:18 | AceRx · wall_segment Palisade Wall x1 |
| 9:22 | AceRx · wall_segment Palisade Wall x1 |
| 9:37 | AceRx · wall_segment Palisade Wall x1 |
| 9:43 | AceRx · wall_segment Palisade Wall x1 |
| 9:44 | AceRx · wall_segment Palisade Wall x1 |
| 9:46 | AceRx · wall_segment Palisade Wall x1 |
| 10:42 | Pirate · wall_segment Palisade Wall x6 |
| 10:57 | AceRx · wall_segment Palisade Wall x1 |
| 12:08 | AceRx · wall_segment Palisade Wall x3 |
| 12:09 | AceRx · wall_segment Palisade Wall x4 |
| 12:21 | AceRx · wall_segment Palisade Wall x5 |
| 12:32 | AceRx · wall_segment Palisade Wall x5 |
| 12:35 | Pirate · wall_segment Palisade Wall x22 |
| 13:03 | Pirate · wall_segment Palisade Wall x6 |
| 15:59 | AceRx · wall_segment Palisade Wall x1 |
| 16:06 | Pirate · wall_segment Palisade Wall x6 |
| 17:13 | AceRx · wall_segment Palisade Wall x1 |
| 20:18 | AceRx · first_market_sell 100 wood |
| 20:40 | AceRx · first_building Stable |
| 21:49 | Pirate · age_up castle |
| 22:09 | Pirate · first_building Monastery |
| 22:54 | AceRx · resign |
[ AI ANALYSIS · 1 CREDIT ]
What really happened in this match?
Wolo.gg analyzes every decision: build order, eco, micro, common mistakes by bracket. Personalized analysis on WhatsApp or Discord in 30 seconds.
Civ guide
Lithuanians
Perfil
Jugador #3302487